 Dungeon Crawl Stone Soup version 0.27-a0-1065-ge809cff456 (webtiles) character file.

Game seed: 13644174062038913145

130 vhaine the Chiller (level 5, -3/32 (35) HPs)
             Began as a Merfolk Ice Elementalist on Apr 23, 2021.
             Slain by a wight
             ... wielding a +0 falchion
              (6 damage)
             ... on level 3 of the Dungeon.
             The game lasted 00:12:07 (4408 turns).

vhaine the Chiller (Merfolk Ice Elementalist)       Turns: 4408, Time: 00:12:07

HP:   -3/32 (35)    AC:  2    Str:  8    XL:     5   Next: 14%
MP:   6/8           EV: 12    Int: 16    God:
Gold: 67            SH:  0    Dex: 14    Spells: 4/8 levels left

rFire    . . .     SeeInvis .   h - +0 halberd
rCold    . . .     Faith    .   (shield currently unavailable)
rNeg     . . .     Spirit   .   a - +0 robe
rPois    .         Reflect  .   (no helmet)
rElec    .         Harm     .   (no cloak)
rCorr    .         Rampage  .   (no gloves)
Will     .....                  (no boots)
Stlth    ++........             (no amulet)
HPRegen  0.10/turn              (no ring)
MPRegen  0.11/turn              (no ring)

@: drained
A: (nimble swimmer 2), mertail
a: no special abilities


You were on level 3 of the Dungeon.
You visited 1 branch of the dungeon, and saw 3 of its levels.

You collected 67 gold pieces.

Inventory:

Hand Weapons
 g - a +0 dagger
 h - a +0 halberd (weapon)
Armour
 a - a +0 robe (worn)
Scrolls
 b - a scroll of enchant weapon {unknown}
 c - 3 scrolls of noise {unknown}
 d - a scroll of immolation {unknown}


   Skills:
 - Level 2.6 Dodging
 - Level 2.1 Stealth
 - Level 2.0 Spellcasting
 + Level 6.9 Ice Magic


You had 4 spell levels left.
You knew the following spells:

 Your Spells              Type           Power      Damage    Failure   Level
a - Freeze                Ice            92%        1d10      1%          1
b - Frozen Ramparts       Ice            46%        1d6       3%          3

Your spell library contained the following spells:

 Spells                   Type           Power      Damage    Failure   Level
 Ozocubu's Armour         Ice            23%        N/A       3%          3
 Summon Small Mammal      Summ           4%         N/A       21%         1
 Call Imp                 Summ           1%         N/A       30%         2
 Hailstorm                Conj/Ice       12%        3d5       45%         4
 Summon Ice Beast         Ice/Summ       12%        N/A       45%         4
 Call Canine Familiar     Summ           1%         N/A       52%         3
 Summon Guardian Golem    Hex/Summ       1%         N/A       52%         3
 Summon Lightning Spire   Summ/Air       1%         N/A       90%         4
 Metabolic Englaciation   Hex/Ice        6%         N/A       80%         5


Dungeon Overview and Level Annotations

Branches:
Dungeon (3/15)

Altars:
The Shining One


Innate Abilities, Weirdness & Mutations

((You are quick and stealthy near water. (Stealth+, EV+, Speed+++)))
Your lower body shifts to a powerful aquatic tail in water.


Message History

The walls around you are covered in ice.
The wight completely resists.
The wall freezes the wight but does no damage.
You hit the wight.
The wight is lightly damaged.
The wight completely resists.
The wall freezes the wight but does no damage.
The wight hits you with a +0 falchion.
The wight completely resists.
The wall freezes the wight but does no damage.
The wight hits you with a +0 falchion.
It was a potion of cancellation.
Your magical effects are unravelling.
You feel magically purged.
The frozen ramparts melt away.
The wight hits you with a +0 falchion.
You feel drained.
It was a potion of curing.
You feel better. The wight barely misses you.
You closely miss the wight.
The wight is lightly damaged.
The wight barely misses you.
You barely miss the wight.
The wight is lightly damaged.
The wight hits you with a +0 falchion! x2; You feel drained.
You are too injured to fight recklessly!
You are too injured to fight recklessly!
You are too injured to fight recklessly!
You are too injured to fight recklessly!
You are too injured to fight recklessly!
You barely miss the wight.
The wight is lightly damaged.
The wight hits you with a +0 falchion.
* * * LOW HITPOINT WARNING * * *
You hit the wight.
The wight is heavily damaged.
The wight closely misses you. The wight hits you with a +0 falchion.
* * * LOW HITPOINT WARNING * * *
You feel drained.
* * * LOW HITPOINT WARNING * * *
You hit the wight.
The wight is severely damaged.
The wight hits you with a +0 falchion.
You die...

#..#.# ###....######....
#..#.# ##.#..#......#.##.
...#.# #._..#######.'.##(
#.##.# ##.#..#......####.
#.##.# ###....###### #.
#.##.# ######...## #.
#.##.# ##...##..## #.
#.##.########.#z.##.## #.
#.##........z###@########
#. #.#########.## ###
#..# #. #.# ##.# ##.# #.
#.# #.# #.# ### #. #.##
#.# #.# ##.###. #..# ##
#.###.#.##. ##.#
###########.##.###.#. #.#
#...........#.## ##.. #.#
#.############.###.##


You could see a wight.

Vanquished Creatures
  3 adders
  4 gnolls
  3 dart slugs (D:3)
  5 orcs (D:3)
  2 bats
  6 endoplasms
  2 giant cockroaches (D:1)
  5 goblins
  4 hobgoblins
  3 jackals (D:3)
  3 kobolds
  3 ball pythons (D:1)
  5 frilled lizards
  7 rats
55 creatures vanquished.

Notes
Turn   | Place    | Note
-------+----------+-------------------------------------------
     0 | D:1      | vhaine the Merfolk Ice Elementalist began the quest for the
                  | Orb.
     0 | D:1      | Reached XP level 1. HP: 13/13 MP: 3/3
   299 | D:1      | Found a faded altar of an unknown god.
   325 | D:1      | Reached XP level 2. HP: 19/19 MP: 0/5
   548 | D:1      | Reached skill level 5 in Ice Magic
  1322 | D:2      | Reached XP level 3. HP: 23/24 MP: 2/6
  2467 | D:3      | Reached skill level 6 in Ice Magic
  2560 | D:3      | Reached XP level 4. HP: 30/30 MP: 5/7
  2827 | D:3      | Found a glowing golden altar of the Shining One.
  3791 | D:3      | Learned a level 3 spell: Frozen Ramparts
  3928 | D:3      | Reached XP level 5. HP: 22/35 MP: 3/8
  4408 | D:3      | Slain by a wight

Illustrated notes

Levels and vault maps discovered:
D:1:      dpeg_arrival_long_road, layout_loops_corners,
          shapermc_ecumenical_altar_venn, minmay_misc_feat_pillars
D:2:      layout_basic
D:3:      layout_loops_ring, nicolae_tso_swordbearing_angel,
          hangedman_decor_growths, minmay_misc_feat_four_crosses

Skill      XL: |  1  2  3 |
---------------+----------+-----
Ice Magic      | 5 6 |  6.9
Dodging        | |  2.6
Stealth        | |  2.1
Spellcasting   | |  2.0

Action                   |  1- 3 |  4- 6 || total
-------------------------+-------+-------++-------
Melee: Unarmed           |     2 |       ||     2
       Dagger            |       |     1 ||     1
       Halberd           |       |     7 ||     7
 Cast: Freeze            |    63 |    26 ||    89
       Frozen Ramparts   |       |     4 ||     4
  Use: Potion            |       |     2 ||     2
Armor: Robe              |     5 |       ||     5
Dodge: Dodged            |    22 |    19 ||    41

Table legend: (Time is in decaauts)
 A = Elapsed time spent in this place.
 B = Non-inter-level travel time spent in this place.
 C = Inter-level travel time spent in this place.
 D = Time resting spent in this place.
 E = Time spent auto-exploring this place.
 F = Levels seen in this place.
 G = Mean time per level.
                   A        B        C        D        E       F      G
               +--------+--------+--------+--------+--------+-----+--------+
         Total |   4414 |   4227 |    187 |   1203 |   2263 |   3 | 1471.3 |
       Dungeon |   4414 |   4227 |    187 |   1203 |   2263 |   3 | 1471.3 |
               +--------+--------+--------+--------+--------+-----+--------+

Top non-repeatable levels by time:
     D:3: 1938 daAuts
     D:1: 1261 daAuts
     D:2: 1215 daAuts
